 Dungeon Crawl Stone Soup version 0.30-a0-634-g8abc85282e (webtiles) character file.

Game seed: 5513501794734503837

179 Dirtsage the Changer (level 5, -6/39 HPs)
             Began as an Octopode Transmuter on Jan 14, 2023.
             Mangled by Grinder (7 damage)
             ... on level 4 of the Dungeon.
             The game lasted 00:03:17 (2208 turns).

Dirtsage the Changer (Octopode Transmuter)          Turns: 2208, Time: 00:03:18

Health: -6/39      AC:  6    Str: 10    XL:     5   Next: 59%
Magic:  4/8        EV: 10    Int: 17    God:
Gold:   140        SH:  0    Dex: 12    Spells: 1/8 levels left

rFire   x . .      SeeInvis .      - Unarmed
rCold   + + +      Faith    .    (shield currently unavailable)
rNeg    . . .      Spirit   .    (helmet currently unavailable)
rPois   +          Reflect  .    (no amulet)
rElec   .          Harm     .    P - ring of poison resistance
rCorr   .          Rampage  .    (no ring)
Will    .....                    (no ring)
Stlth   +                        (no ring)
HPRegen 0.26/turn                (no ring)
MPRegen 0.11/turn                (no ring)
                                 (no ring)
                                 (no ring)

@: ice-form
A: freezing attack, boosted hp, almost no armour, amphibious, 8 rings, large,
(camouflage 1), (gelatinous body 1), (nimble swimmer 1), (tentacles)
a: End Transformation


You were on level 4 of the Dungeon.
You were a creature of crystalline ice.
You visited 1 branch of the dungeon, and saw 4 of its levels.

You collected 140 gold pieces.

Inventory:

Jewellery
 P - a ring of poison resistance (left front paw)
Scrolls
 b - 4 scrolls of immolation {unknown}
 c - 4 scrolls of identify {unknown}
 g - a scroll of fear {unknown}
 h - 3 scrolls of teleportation {unknown}
 j - a scroll of amnesia {unknown}
Potions
 a - 2 potions of lignification
 d - a potion of cancellation {unknown}
 e - 3 potions of curing {unknown}
 f - 2 potions of flight {unknown}
 i - a potion of heal wounds {unknown}
 k - 3 potions of brilliance {unknown}
 l - a potion of haste {unknown}
 m - 2 potions of mutation {unknown}


   Skills:
 - Level 1.0 Fighting
 - Level 2.0 Dodging
 - Level 3.0 Unarmed Combat
 - Level 2.0 Spellcasting
 * Level 4.1 Transmutations
 * Level 3.5 Ice Magic


You had one spell level left.
You knew the following spells:

 Your Spells              Type           Power      Damage    Failure   Level
a - Beastly Appendage     Tmut           30%        N/A       3%          1
b - Wereblood             Tmut           15%        N/A       5%          2
c - Ice Form              Ice/Tmut       14%        N/A       36%         4

Your spell library contained the following spells:

 Spells                   Type           Power      Damage    Failure   Level
 Shock                    Conj/Air       4%         1d3       19%         1
 Spider Form              Tmut/Pois      8%         N/A       24%         3
 Swiftness                Air            1%         N/A       50%         3
 Airstrike                Air            0%         2d(1-17)  88%         4
 Fireball                 Conj/Fire      0%         3d3       99%         5
 Iskenderun's Battlesphe  Conj           1%         2d6       99%         5
 Conjure Ball Lightning   Conj/Air       0%         3x3d6     100%        6
 Orb of Destruction       Conj           0%         9d5       100%        7


Dungeon Overview and Level Annotations

Branches:
Dungeon (4/15)
 Temple: D:4-7

Altars:
Dithmenos

Annotations:
D:4 1 runed translucent door, Crazy Yiuf, Grinder


Innate Abilities, Weirdness & Mutations

You are a creature of crystalline ice.
You have a powerful freezing melee attack.
Your maximum health is increased.
Your armour is entirely melded.
You are incapable of wielding weapons or throwing items.
You cannot wear most types of armour.
You are amphibious.
You can wear up to eight rings at the same time.
((Your skin changes colour to match your surroundings (Stealth+).))
((Your rubbery body absorbs attacks. (AC +1, EV +1)))
((You are camouflaged when in or above water. (Stealth+)))
((You have tentacles for arms and can constrict up to eight enemies at once.))


Message History

Grinder comes into view.
You take 3 damage, and have 28/33 hp.
You tentacle-slap the ufetubus. Your grab misses the ufetubus.
Your squeeze misses the ufetubus.
The ufetubus is lightly wounded.
The ufetubus barely misses you. The ufetubus hits you.
The ufetubus barely misses you. The ufetubus hits you. Grinder gestures at you.
You suddenly lose the ability to move!
The ufetubus hits you. x2
You can move again.
You take 9 damage, and have 19/33 hp.
MASSIVE DAMAGE!!
Unknown command.
Unknown command.
Unknown command.
Casting: Beastly Appendage (safe; 3% risk of failure)
Confirm with . or Enter, or press ? or * to list all spells.
The spell is extremely dangerous to miscast (36% risk of failure)!
Continue anyway?
You turn into a creature of crystalline ice.
The ufetubus barely misses you. The ufetubus hits you.
The ufetubus closely misses you.
The ufetubus hits you but does no damage.
Grinder hits you!
* * * LOW HITPOINT WARNING * * *
You writhe in agony.
* * * LOW HITPOINT WARNING * * *
You take 12 damage, and have 7/39 hp.
MASSIVE DAMAGE!!
You now have 4/8 mp.
You hit the ufetubus.
The ufetubus is almost dead.
The ufetubus closely misses you. The ufetubus misses you.
Grinder barely misses you.
You hit Grinder.
Grinder is lightly wounded.
The ufetubus hits you.
* * * LOW HITPOINT WARNING * * *
The ufetubus hits you.
* * * LOW HITPOINT WARNING * * *
The ufetubus hits you but does no damage.
The ufetubus misses you. Grinder hits you!
You die...

#
########.#####
#.....Y5......
#.####5#.#.##.
#.# #.§.# #)#
#..##§ #.#
##.§§.§ #.#
#..§§§#
#.###..§.§###
#.....###.).
###
#####.###.#
#).


You could see Grinder and an ufetubus.

Vanquished Creatures
  2 orc priests (D:4)
  An iguana (D:4)
  An adder (D:2)
  A worm (D:3)
  6 dart slugs
  2 orcs (D:4)
  8 endoplasms
  3 giant cockroaches
  8 goblins
  7 hobgoblins
  5 kobolds
  6 quokkas
  2 ball pythons
  2 bats
  5 frilled lizards
  6 rats
65 creatures vanquished.

Notes
Turn   | Place    | Note
-------+----------+-------------------------------------------
     0 | D:1      | Dirtsage the Octopode Transmuter began the quest for the
                  | Orb.
     0 | D:1      | Reached XP level 1. HP: 13/13 MP: 3/3
   121 | D:1      | Reached skill level 1 in Ice Magic
   121 | D:1      | Reached XP level 2. HP: 17/18 MP: 3/5
   319 | D:1      | Reached XP level 3. HP: 16/22 MP: 6/6
   322 | D:1      | Learned a level 2 spell: Wereblood
   921 | D:2      | Reached skill level 3 in Transmutations
  1163 | D:2      | Reached XP level 4. HP: 25/28 MP: 5/7
  1189 | D:2      | Learned a level 4 spell: Ice Form
  1980 | D:4      | Found a runed translucent door.
  1981 | D:4      | Noticed Crazy Yiuf
  2028 | D:4      | Reached XP level 5. HP: 28/33 MP: 8/8
  2035 | D:4      | Reached skill level 4 in Transmutations
  2186 | D:4      | Found a shadowy altar of Dithmenos.
  2203 | D:4      | Noticed Grinder
  2204 | D:4      | Paralysed by Grinder for 2 turns
  2208 | D:4      | HP: 1/39 [ufetubus (4)]
  2208 | D:4      | Mangled by Grinder

Illustrated notes

Levels and vault maps discovered:
D:1:      lemuel_arrival_room, layout_basic, kennysheep_flooded_box,
          minmay_surrounded
D:2:      layout_basic, minmay_tromino_v2
D:3:      layout_rooms, kennysheep_generic_room_9
D:4:      layout_loops_ring, grunt_dithmenos_smoke,
          nicolae_qazlal_style_of_elements, minmay_temple_entry_ruins,
          enter_ossuary_3, amethyst_killhole, st_stairs_8, uniq_blork_the_orc,
          uniq_crazy_yiuf_cottage, uniq_grinder

Skill      XL: |  1  2  3  4  5 |
---------------+----------------+-----
Ice Magic      | 1 2 3 |  3.5
Transmutations | 3 4 |  4.1
Fighting       | |  1.0
Dodging        | |  2.0
Unarmed Combat | |  3.0
Spellcasting   | |  2.0

Action                   |  1- 3 |  4- 6 || total
-------------------------+-------+-------++-------
Melee: Unarmed           |    79 |    73 ||   152
       Constrict         |    20 |    19 ||    39
       Kick              |    14 |    12 ||    26
       Tentacles         |    12 |    20 ||    32
       Punch             |     2 |     3 ||     5
 Cast: Beastly Appendage |     8 |     6 ||    14
       Ice Form          |       |     1 ||     1
       Wereblood         |       |     1 ||     1
 Stab: Sleeping          |     3 |     5 ||     8
       Distracted        |       |     1 ||     1
Armor: Skin              |     4 |     7 ||    11
Dodge: Dodged            |    35 |    43 ||    78

Table legend: (Time is in decaauts)
 A = Elapsed time spent in this place.
 B = Non-inter-level travel time spent in this place.
 C = Inter-level travel time spent in this place.
 D = Time resting spent in this place.
 E = Time spent auto-exploring this place.
 F = Levels seen in this place.
 G = Mean time per level.
                   A        B        C        D        E       F      G
               +--------+--------+--------+--------+--------+-----+--------+
         Total |   2199 |   2109 |     90 |      0 |   1689 |   4 |  549.8 |
       Dungeon |   2199 |   2109 |     90 |      0 |   1689 |   4 |  549.8 |
               +--------+--------+--------+--------+--------+-----+--------+

Top non-repeatable levels by time:
     D:1: 872 daAuts
     D:2: 624 daAuts
     D:3: 465 daAuts
     D:4: 238 daAuts
